 Dungeon Crawl Stone Soup version 0.25-a0-734-g73332aeda9 (webtiles) character file.

Game seed: 5001701581212471235, levelgen mode: deterministic

281 kae the Ruffian (level 6, -1/47 HPs)
             Began as a Draconian Transmuter on Apr 10, 2020.
             Succumbed to an orc's poison
             ... on level 4 of the Dungeon.
             The game lasted 00:01:40 (3022 turns).

kae the Ruffian (Draconian Transmuter)              Turns: 3022, Time: 00:01:41

Health: -1/47      AC:  7    Str: 15    XL:     6   Next: 6%
Magic:  3/11       EV: 12    Int: 13    God:
Gold:   198        SH:  0    Dex: 11    Spells: 1/11 levels left

rFire    . . .     SeeInvis .     - Unarmed
rCold    . . .     Gourm    .   (no shield)
rNeg     . . .     Faith    .   (armour unavailable)
rPois    .         Spirit   .   (helmet restricted)
rElec    .         Reflect  .   (no cloak)
rCorr    .         Harm     .   d - +0 pair of gloves
MR       .....                  (no boots)
Stlth    +.........             (no amulet)
HPRegen  0.15/turn              (no ring)
MPRegen  0.12/turn              (no ring)

@: lethally poisoned (-1 -> -27), stab, very slightly contaminated
A: unfitting armour, cold-blooded, AC +6
a: no special abilities


You were on level 4 of the Dungeon.
You were not hungry.

You visited 1 branch of the dungeon, and saw 4 of its levels.

You collected 198 gold pieces.

Inventory:

Missiles
 a - 84 arrows
Armour
 d - a +0 pair of gloves (worn)
Jewellery
 l - a +3 ring of protection {unknown}
Scrolls
 b - 4 scrolls of enchant armour {unknown}
 e - a scroll of immolation {unknown}
 f - a scroll of random uselessness {unknown}
 g - a scroll of enchant weapon {unknown}
 h - 6 scrolls of identify {unknown}
 j - a scroll of fog {unknown}
 k - a scroll of amnesia {unknown}


   Skills:
 - Level 1.1 Fighting
 - Level 1.7 Dodging
 * Level 5.3 Unarmed Combat
 + Level 3.3 Spellcasting
 + Level 3.5 Transmutations


You had one spell level left.
You knew the following spells:

 Your Spells              Type           Power        Failure   Level  Hunger
a - Beastly Appendage     Tmut           ##....       5%          1    #......
b - Sticks to Snakes      Tmut           ##......     8%          2    ##.....
c - Spider Form           Tmut/Pois      #.........   32%         3    ###....
d - Ice Form              Ice/Tmut       #.......     71%         4    #####..

Your spell library contained the following spells:

 Spells                   Type           Power        Failure   Level  Hunger
 Corona                   Hex            #......      22%         1    #......
 Ensorcelled Hibernation  Hex/Ice        #.....       32%         2    ##.....
 Confusing Touch          Hex            #.......     54%         3    ###....
 Dazzling Flash           Conj/Hex       #.....       54%         3    ###....
 Tukima's Dance           Hex            #.......     54%         3    ###....
 Blade Hands              Tmut           ##........   82%         5    ######.


Dungeon Overview and Level Annotations

Branches:
Dungeon (4/15)
 Temple: D:4-7

Altars:
Fedhas


Innate Abilities, Weirdness & Mutations

Your plain brown scales are hard. (AC +6)
You cannot fit into any form of body armour.
You are cold-blooded and may be slowed by cold attacks.


Message History

The spell is very dangerous to cast (71% risk of failure)!
Continue anyway? [Y]es or [N]o only, please.
The spell is very dangerous to cast (71% risk of failure)!
Continue anyway? [Y]es or [N]o only, please.
The spell is very dangerous to cast (71% risk of failure)!
Continue anyway?
You miscast Ice Form.
You are very lightly contaminated with residual magic.
Frost covers your body.
* * * LOW HITPOINT WARNING * * *
You feel sick.
Casting: Ice Form (very dangerous; 71% risk of failure)
Confirm with . or Enter, or press ? or * to list all spells.
You don't have enough magic to cast that spell.
There is a lethal amount of poison in your body!
Unknown command.
There is a lethal amount of poison in your body!
There is a lethal amount of poison in your body!
There is a lethal amount of poison in your body!
You aren't carrying any potions.
You die...

#...........
#...........
##...........
#............
#............
#............
#...........#
#....<.....#
###.@))...##
###...###
..### ..##
..# ..# ..#
###


There were no monsters in sight!

Vanquished Creatures
  A centaur (D:3)
  2 orc priests
  A worker ant (D:3)
  An orc wizard (D:3)
  A hound skeleton (D:4)
  3 adders
  An ooze (D:3)
  A worm (D:3)
  A dart slug (D:3)
  3 leopard geckos
  4 orcs
  A ball python (D:2)
  2 hobgoblins (D:1)
  7 kobolds
  A quokka (D:3)
  10 bats
  2 frilled lizards
  4 goblins (D:1)
  9 rats
55 creatures vanquished.

Notes
Turn   | Place    | Note
-------+----------+-------------------------------------------
     0 | D:1      | kae the Draconian Transmuter began the quest for the Orb.
     0 | D:1      | Reached XP level 1. HP: 16/16 MP: 3/3
   379 | D:1      | Reached XP level 2. HP: 23/23 MP: 5/5
   630 | D:1      | Learned a level 2 spell: Sticks to Snakes
  1284 | D:2      | Reached XP level 3. HP: 22/28 MP: 4/6
  1525 | D:2      | Learned a level 3 spell: Spider Form
  1838 | D:3      | Reached skill level 4 in Unarmed Combat
  1879 | D:3      | Found a blossoming altar of Fedhas.
  2013 | D:3      | Noticed a centaur
  2023 | D:3      | Reached XP level 4. HP: 28/35 MP: 2/7
  2026 | D:3      | Killed a centaur
  2026 | D:3      | Reached XP level 5. HP: 23/40 MP: 2/9
  2318 | D:3      | Found a faded altar of an unknown god.
  2348 | D:3      | Learned a level 4 spell: Ice Form
  2771 | D:3      | Reached skill level 5 in Unarmed Combat
  3015 | D:4      | Reached XP level 6. HP: 19/47 MP: 6/11
  3021 | D:4      | HP: 1/47 [poisoned by an orc]
  3022 | D:4      | Succumbed to an orc's poison

Levels and vault maps discovered:
D:1:      dpeg_arrival_water_fire, layout_basic
D:2:      layout_basic
D:3:      kb_forest_paths, layout_rooms, fedhas_altar_1,
          chequers_ecumenical_altar_grove
D:4:      layout_cave_pods, minmay_temple_entry_sparse_star, first_ration

Skill      XL: |  1  2  3  4  5 |
---------------+----------------+-----
Unarmed Combat | 4 5 |  5.3
Transmutations | 3 |  3.5
Spellcasting   | 3 |  3.3
Fighting       | |  1.1
Dodging        | |  1.7

Action                   |  1- 3 |  4- 6 || total
-------------------------+-------+-------++-------
Melee: Unarmed           |   125 |    41 ||   166
       Headbutt          |     8 |     2 ||    10
       Tailslap          |    10 |       ||    10
       Kick              |     5 |       ||     5
       Punch             |     2 |     1 ||     3
 Cast: Beastly Appendage |    25 |     6 ||    31
       Spider Form       |       |     2 ||     2
  Use: Potion            |     1 |     1 ||     2
  Eat: Chunk             |     3 |     2 ||     5
       Ration            |       |     1 ||     1
Armor: Skin              |    60 |     9 ||    69
Dodge: Dodged            |   130 |    31 ||   161

Table legend:
 A = Non-vault XP
 B = Vault XP
 C = Vault XP percentage of total XP
 D = Non-vault monster count
 E = Vault monster count
 F = Vault count percentage of total count
                 A         B        C        D         E       F
            +---------+---------+-------+---------+---------+-------
      Total |     275 |     127 |  31.6 |      49 |       6 |  10.9
            +---------+---------+-------+---------+---------+-------
        D:1 |      39 |       0 |   0.0 |      27 |       0 |   0.0
        D:2 |      35 |       0 |   0.0 |       6 |       0 |   0.0
        D:3 |     133 |     127 |  48.8 |      11 |       6 |  35.3
        D:4 |      68 |       0 |   0.0 |       5 |       0 |   0.0
            +---------+---------+-------+---------+---------+-------
